 Dungeon Crawl Stone Soup version 0.27-a0-380-g150de4c316 (webtiles) character file.

Game seed: 17113823661442323556

2509 tilp the Transmogrifier (level 9, -17/58 HPs)
             Began as an Octopode Transmuter on Feb 17, 2021.
             Was a Believer of Okawaru.
             Demolished by an orc warrior
             ... wielding a +1 long sword of flaming
              (24 damage)
             ... on level 8 of the Dungeon.
             The game lasted 00:14:00 (8299 turns).

tilp the Transmogrifier (Octopode Transmuter)       Turns: 8299, Time: 00:14:01

Health: -17/58     AC:  2    Str: 10    XL:     9   Next: 53%
Magic:  9/15       EV: 20    Int: 24    God:    Okawaru [**....]
Gold:   558        SH:  0    Dex: 17    Spells: 6/16 levels left

rFire    . . .     SeeInvis .     - Unarmed
rCold    . . .     Faith    .   (shield currently unavailable)
rNeg     . . .     Spirit   .   (helmet currently unavailable)
rPois    x         Reflect  .   b - amulet of regeneration
rElec    .         Harm     .   k - +6 ring of intelligence
rCorr    .         Rampage  .   (no ring)
Will     .....                  (no ring)
Stlth    +++.......             (no ring)
HPRegen  1.19/turn              (no ring)
MPRegen  0.14/turn              (no ring)
                                (no ring)
                                (no ring)

@: spider-form, wereblooded
A: tiny, almost no armour, stealthy swim, (amphibious), 8 rings, (constrict 8)
a: End Transformation, Renounce Religion, Heroism


You were on level 8 of the Dungeon.
You worshipped Okawaru.
Okawaru was pleased with you.
You were a venomous arachnid creature.
You visited 2 branches of the dungeon, and saw 9 of its levels.

You collected 558 gold pieces.

Inventory:

Missiles
 m - 7 poisoned darts (quivered)
 o - 7 javelins
 v - 8 boomerangs
 x - 5 silver boomerangs
Jewellery
 b - an amulet of regeneration (around neck)
 k - a +6 ring of intelligence (left front leg)
Wands
 t - a wand of random effects (11)
Scrolls
 a - a scroll of enchant weapon
 h - a scroll of immolation {unknown}
 i - a scroll of blinking
 j - a scroll of noise {unknown}
 l - a scroll of magic mapping {unknown}
 q - a scroll of enchant armour {unknown}
 s - 2 scrolls of teleportation
 u - 2 scrolls of amnesia
 y - a scroll of fog
 A - a scroll of identify
Potions
 c - a potion of brilliance
 d - 4 potions of lignification
 e - 3 potions of flight {unknown}
 f - 2 potions of ambrosia
 g - 3 potions of curing
 n - a potion of resistance {unknown}
 p - a potion of invisibility {unknown}
 r - a potion of magic {unknown}
 w - a potion of might {unknown}
 z - a potion of heal wounds {unknown}


   Skills:
 + Level 4.1 Fighting
 + Level 2.3 Dodging
 + Level 4.3 Stealth
 + Level 6.1 Unarmed Combat
 - Level 4.0 Spellcasting
 - Level 8.0 Transmutations
 - Level 2.0 Ice Magic
 - Level 2.0 Poison Magic
 + Level 4.2 Invocations


You had 6 spell levels left.
You knew the following spells:

 Your Spells              Type           Power        Failure   Level
a - Beastly Appendage     Tmut           86%          3%          1
b - Wereblood             Tmut           43%          3%          2
c - Spider Form           Tmut/Pois      14%          12%         3
d - Ice Form              Ice/Tmut       28%          28%         4

Your spell library contained the following spells:

 Spells                   Type           Power        Failure   Level
 Foxfire                  Conj/Fire      16%          24%         1
 Blade Hands              Tmut           21%          24%         5
 Petrify                  Tmut/Erth      24%          38%         4
 Confusing Touch          Hex            4%           50%         3
 Conjure Flame            Conj/Fire      4%           50%         3
 Gell's Gravitas          Tloc           2%           50%         3
 Inner Flame              Hex/Fire       4%           50%         3
 Yara's Violent Unravell  Hex/Tmut       12%          67%         5
 Sticky Flame             Conj/Fire      4%           85%         4
 Metabolic Englaciation   Hex/Ice        4%           96%         5
 Fireball                 Conj/Fire      2%           99%         5


Dungeon Overview and Level Annotations

Branches:
Dungeon (8/15)             Temple (1/1) D:4
   Lair: D:8-11

Altars:
Ashenzari
Cheibriados
Dithmenos
Elyvilon
Fedhas
Gozag
Hepliaklqana
Kikubaaqudgha
Makhleb
Nemelex Xobeh
Okawaru
Qazlal
Ru
Sif Muna
Trog
Uskayaw
Vehumet
Wu Jian
Xom
Yredelemnul
Zin
The Shining One

Annotations:
D:4 1 runed translucent door, namelastname112's ghost, weakling DrDe
D:5 exclusions: ice beast and two-headed ogre, Sigmund
D:6 Grinder
D:7 Dowan; Duvessa


Innate Abilities, Weirdness & Mutations

You cannot wear most types of armour.
You are very stealthy in the water. (Stealth+)
((You are amphibious.))
You can wear up to eight rings at the same time.
((You can use your tentacles to constrict eight enemies at once.))
((Your skin changes colour to match your surroundings (Stealth+).))
((Your rubbery body absorbs attacks. (AC +1, EV +1)))


Message History

Okawaru accepts your kill.
You barely miss the orc warrior.
The orc warrior hits you with a +1 long sword of flaming!
The orc warrior melts you.
You hit the orc warrior but do no damage.
The orc warrior barely misses you.
You punch the orc warrior! You freeze the orc warrior.
The orc warrior is heavily wounded.
You barely miss the orc warrior.
The orc warrior is heavily wounded.
The orc warrior hits you with a +1 long sword of flaming!!
* * * LOW HITPOINT WARNING * * *
The orc warrior melts you.
* * * LOW HITPOINT WARNING * * *
You hit the orc warrior. You freeze the orc warrior.
The orc warrior is severely wounded.
The orc warrior barely misses you.
You hit the orc warrior but do no damage.
The orc warrior is severely wounded.
You howl as the wereblood boils in your veins!
The orc warrior hits you with a +1 long sword of flaming!
* * * LOW HITPOINT WARNING * * *
The orc warrior melts you!
* * * LOW HITPOINT WARNING * * *
You feel better.
Okay, then.
Casting: Ice Form (dangerous; 12% risk of failure)
Confirm with . or Enter, or press ? or * to list all spells.
Okay, then.
You warm up again.
The orc warrior hits you with a +1 long sword of flaming!
* * * LOW HITPOINT WARNING * * *
The orc warrior burns you.
* * * LOW HITPOINT WARNING * * *
Unknown command.
Casting: Ice Form (dangerous; 12% risk of failure)
Confirm with . or Enter, or press ? or * to list all spells.
You turn into a venomous arachnid creature.
The orc warrior hits you with a +1 long sword of flaming!!
You die...

#.#
#############.########
.....................>
###########.#.#######.
#.#...(....
########.#########
.........#..
###########.#.#######
..........#.#.#.so{o#
#########.#.#.#.###.#
#.#.#.#.# .# #.....#.#
{. ###.#.#.# ### ##
#.#.#.# .##### #.#.#.#
.....# #.#.#.# .....#
#.#.#.#


You could see an orc warrior and an orc.

Vanquished Creatures
  An orc warrior (D:8)
  2 ogres
  2 necrophages
  An ice beast (D:6)
  4 centaurs
  A phantom (D:8)
  3 bullfrogs
  6 killer bees (D:8)
  3 wights (D:7)
  A quasit (D:5)
  3 orc priests (D:8)
  A gnoll shaman (D:6)
  5 hounds
  3 jellies
  A centaur skeleton (D:4)
  2 iguanas (D:4)
  3 orc wizards
  8 worker ants
  A hound zombie (D:7)
  2 hound skeletons (D:4)
  A howler monkey zombie (D:6)
  4 gnolls (D:6)
  7 adders
  A shadow imp (D:7)
  A white imp (D:7)
  2 ufetubi
  An adder skeleton (D:5)
  4 worms
  3 dart slugs
  2 leopard geckos
  16 orcs
  A giant cockroach (D:8)
  5 goblins
  6 hobgoblins
  8 jackals
  4 kobolds
  2 quokkas (D:5)
  2 ball pythons
  8 bats
  4 frilled lizards
  A jackal skeleton (D:4)
  A quokka skeleton (D:4)
  A quokka zombie (D:5)
  3 rats
141 creatures vanquished.

Notes
Turn   | Place    | Note
-------+----------+-------------------------------------------
     0 | D:1      | tilp the Octopode Transmuter began the quest for the Orb.
     0 | D:1      | Reached XP level 1. HP: 13/13 MP: 3/3
   111 | D:1      | Reached skill level 1 in Stealth
   187 | D:1      | Reached XP level 2. HP: 11/18 MP: 5/5
   190 | D:1      | Learned a level 2 spell: Wereblood
   808 | D:2      | Reached XP level 3. HP: 17/23 MP: 3/6
   892 | D:2      | Noticed a bullfrog
  1849 | D:3      | Reached XP level 4. HP: 24/28 MP: 5/7
  2879 | D:3      | Reached XP level 5. HP: 24/34 MP: 6/8
  3144 | D:4      | Found a runed translucent door.
  3147 | D:4      | Noticed namelastname112's ghost (weakling DrDe)
  3517 | D:4      | Reached skill level 5 in Unarmed Combat
  3517 | D:4      | Reached XP level 6. HP: 16/41 MP: 7/9
  3936 | D:4      | Found a staircase to the Ecumenical Temple.
  3950 | Temple   | Entered the Ecumenical Temple
  4067 | Temple   | Became a worshipper of Warmaster Okawaru
  4226 | D:4      | Found an opulent altar of Gozag.
  4370 | D:4      | Learned a level 3 spell: Spider Form
  4376 | D:5      | Entered Level 5 of the Dungeon
  4524 | D:5      | Noticed an ice beast
  4822 | D:5      | Noticed Sigmund
  4831 | D:5      | Found a broken altar of Ashenzari.
  4831 | D:5      | Found an ancient bone altar of Kikubaaqudgha.
  4911 | D:5      | Reached skill level 1 in Invocations
  4911 | D:5      | Reached XP level 7. HP: 43/48 MP: 8/10
  5051 | D:5      | Noticed a two-headed ogre
  5134 | D:5      | Reached * piety under Okawaru
  5490 | D:6      | Noticed Grinder
  5661 | D:6      | Reached skill level 1 in Poison Magic
  5720 | D:5      | Reached XP level 8. HP: 22/54 MP: 11/11
  5757 | D:6      | Reached skill level 3 in Transmutations
  6442 | D:7      | Reached skill level 4 in Transmutations
  6582 | D:7      | Noticed Duvessa
  6794 | D:7      | Found a hazy altar of Hepliaklqana.
  6795 | D:7      | Found a shimmering altar of Xom.
  6796 | D:7      | Noticed a spectral ugly thing
  6925 | D:7      | Reached skill level 5 in Transmutations
  6956 | D:7      | Reached ** piety under Okawaru
  7168 | D:7      | Reached skill level 6 in Transmutations
  7173 | D:7      | Learned a level 4 spell: Ice Form
  7207 | D:7      | Noticed Dowan
  7233 | D:7      | Reached skill level 1 in Ice Magic
  7233 | D:7      | Reached XP level 9. HP: 28/58 MP: 13/15
  7310 | D:7      | Found a shadowy altar of Dithmenos.
  7416 | D:7      | Found a hide-covered altar of Uskayaw.
  7670 | D:8      | Reached skill level 7 in Transmutations
  8083 | D:8      | Reached skill level 8 in Transmutations
  8295 | D:8      | HP: 2/69 [orc warrior/+1 long sword of flaming (7)]
  8299 | D:8      | Demolished by an orc warrior

Illustrated notes

Levels and vault maps discovered:
D:1:      dpeg_arrival_renting, layout_basic
D:2:      layout_basic
D:3:      layout_loops_ring
D:4:      layout_cave_pools, minmay_temple_entry_slanted,
          hellmonk_ghost_happy_afterlife, nicolae_gozag_seed_capital
D:5:      layout_loops_ring, amethyst_overflow_temple_binary, st_stairs_2,
          uniq_sigmund
D:6:      layout_basic, uniq_grinder
D:7:      layout_loops_cross, regret_index_temple_of_mockery,
          grunt_temple_overflow_open, uniq_duvessa
D:8:      layout_basic
Temple:   lightli_temple_of_artemis

Skill      XL: |  1  2  3  4  5  6  7  8  9 |
---------------+----------------------------+-----
Stealth        | 2 4 |  4.3
Fighting       | 2 4 |  4.1
Unarmed Combat | 4 5 6 |  6.1
Invocations    | 1 4 |  4.2
Poison Magic   | 2 |  2.0
Transmutations | 6 8 |  8.0
Spellcasting   | 4 |  4.0
Ice Magic      | 1 2 |  2.0
Dodging        | |  2.3

Action                   |  1- 3 |  4- 6 |  7- 9 || total
-------------------------+-------+-------+-------++-------
Melee: Unarmed           |    61 |   133 |   219 ||   413
       Constrict         |    16 |    31 |    38 ||    85
       Tentacles         |     8 |    20 |    26 ||    54
       Punch             |     2 |     3 |     8 ||    13
       Kick              |     5 |    18 |    45 ||    68
Throw: Stone             |    12 |     4 |       ||    16
       Dart              |       |    48 |    25 ||    73
       Boomerang         |       |       |    14 ||    14
 Cast: Beastly Appendage |     5 |    17 |    24 ||    46
       Wereblood         |     2 |     3 |    10 ||    15
       Spider Form       |       |       |     3 ||     3
       Ice Form          |       |       |     2 ||     2
 Abil: End Transformatio |       |       |     1 ||     1
  Use: Scroll            |       |     3 |     7 ||    10
       Potion            |       |       |     2 ||     2
 Stab: Sleeping          |     5 |     8 |     8 ||    21
       Distracted        |       |     1 |       ||     1
Armor: Skin              |     9 |     3 |    35 ||    47
Dodge: Dodged            |    45 |    84 |   138 ||   267

Table legend: (Time is in decaauts)
 A = Elapsed time spent in this place.
 B = Non-inter-level travel time spent in this place.
 C = Inter-level travel time spent in this place.
 D = Time resting spent in this place.
 E = Time spent auto-exploring this place.
 F = Levels seen in this place.
 G = Mean time per level.
                   A        B        C        D        E       F      G
               +--------+--------+--------+--------+--------+-----+--------+
         Total |   8274 |   7746 |    528 |    871 |   5608 |   9 |  919.3 |
       Dungeon |   8145 |   7635 |    510 |    871 |   5499 |   8 | 1018.1 |
        Temple |    128 |    110 |     18 |      0 |    109 |   1 |  128.0 |
               +--------+--------+--------+--------+--------+-----+--------+

Top non-repeatable levels by time:
     D:3: 1303 daAuts
     D:4: 1223 daAuts
     D:5: 1168 daAuts
     D:2: 1121 daAuts
     D:7: 1074 daAuts
     D:1: 789 daAuts
     D:6: 734 daAuts
     D:8: 730 daAuts
  Temple: 128 daAuts
